 Dungeon Crawl Stone Soup version 0.29-a0-723-gce39da1c22 (webtiles) character file.

Game seed: 11382389076440572227

157 Mgcat the Trooper (level 5, -6/55 HPs)
             Began as an Ogre Fighter on June 28, 2022.
             Mangled by a gnoll
             ... wielding a +0 club
              (8 damage)
             ... on level 4 of the Dungeon.
             The game lasted 00:05:38 (3611 turns).

Mgcat the Trooper (Ogre Fighter)                    Turns: 3611, Time: 00:05:39

Health: -6/55      AC:  3    Str: 22    XL:     5   Next: 38%
Magic:  5/5        EV:  8    Int:  9    God:
Gold:   158        SH:  7    Dex:  8    Spells: 4/4 levels left

rFire   . . .      SeeInvis .   a - +0 war axe
rCold   . . .      Faith    .   c - +0 kite shield
rNeg    + . .      Spirit   .   u - +0 robe
rPois   +          Reflect  .   (helmet restricted)
rElec   .          Harm     .   (no cloak)
rCorr   .          Rampage  .   (gloves unavailable)
Will    .....                   (boots unavailable)
Stlth   +.........              v - amulet of the acrobat
HPRegen 0.18/turn               h - ring of poison resistance {rPois, !d}
MPRegen 0.09/turn               m - ring of positive energy {rN+}

@: lit by a corona, glowing
A: large, unfitting armour, tough skin 1
a: no special abilities


You were on level 4 of the Dungeon.
You visited 1 branch of the dungeon, and saw 4 of its levels.

You collected 158 gold pieces.

Inventory:

Hand Weapons
 a - a +0 war axe (weapon)
 w - a +5 vorpal sling
   (You found it on level 3 of the Dungeon)
Missiles
 b - 4 throwing nets {=f, !d}
Armour
 c - a +0 kite shield (worn)
 u - a +0 robe (worn)
Jewellery
 h - a ring of poison resistance (left hand) {rPois, !d}
   (You found it on level 1 of the Dungeon)
 m - a ring of positive energy (right hand) {rN+}
   (You found it on level 2 of the Dungeon)
 v - an amulet of the acrobat (around neck)
   (You found it on level 4 of the Dungeon)
Wands
 p - a wand of paralysis (5)
   (You found it on level 2 of the Dungeon)
Scrolls
 f - a scroll of blinking {unknown}
 g - 2 scrolls of identify {unknown}
 j - a scroll of vulnerability {unknown}
 k - a scroll of enchant weapon {unknown}
 l - 2 scrolls of teleportation {unknown}
 q - a scroll of fear {unknown}
 t - a scroll of enchant armour {unknown}
Potions
 d - a potion of might
 e - 5 potions of curing {unknown}
 i - a potion of heal wounds {unknown}
 n - a potion of invisibility {unknown}
 o - 3 potions of brilliance {unknown}
 r - a potion of flight {unknown}
 s - a potion of berserk rage {unknown}


   Skills:
 + Level 4.9 Fighting
 * Level 3.7 Axes
 + Level 3.3 Dodging
 + Level 3.7 Shields


You had 4 spell levels left.
You didn't know any spells.
Your spell library contained the following spells:

 Spells                   Type           Power      Damage    Failure   Level
 Magic Dart               Conj           0%         1d3       67%         1
 Sandblast                Erth           0%         2d4       67%         1
 Call Imp                 Summ           0%         N/A       82%         2
 Passwall                 Tmut/Erth      0%         N/A       82%         2
 Searing Ray              Conj           0%         2d4       82%         2
 Mephitic Cloud           Conj/Pois/Air  0%         N/A       96%         3
 Stone Arrow              Conj/Erth      0%         3d7       96%         3
 Fulminant Prism          Conj/Hex       0%         3d6       100%        4
 Olgreb's Toxic Radiance  Pois           0%         N/A       100%        4
 Ozocubu's Refrigeration  Ice            0%         4d5       100%        7
 Ignition                 Fire           0%         3d3       100%        8


Dungeon Overview and Level Annotations

Branches:
Dungeon (4/15)
 Temple: D:4-7

Altars:


Innate Abilities, Weirdness & Mutations

You are too large for most types of armour.
You have tough skin. (AC +1)


Message History

The iguana bites you but does no damage.
You barely miss the iguana.
The iguana is heavily wounded.
The iguana closely misses you. You block the iguana's attack.
You hit the iguana but do no damage.
The iguana is heavily wounded.
The iguana bites you.
You take 6 damage, and have 49/55 hp.
You slash the iguana!
The iguana is almost dead.
The iguana bites you. You block the iguana's attack.
You take 4 damage, and have 45/55 hp.
You barely miss the iguana.
The iguana is almost dead.
The iguana bites you.
You take 4 damage, and have 41/55 hp.
You are too injured to fight recklessly!
You are too injured to fight recklessly!
You are too injured to fight recklessly!
You slash the iguana!
You kill the iguana!
HP restored.
Things that are here:
a +0 dagger; 3 stones You regained 4 hp, and now have 46/55 hp.
You see here an iguana corpse.
Key pressed, stopping explore.
b - 4 throwing nets {=f, !d} (gained 1)
You see here a +5 vorpal sling.
A gnoll is nearby!
Health restored: 55 Spoiler Alert: The gnoll (wandering) can hit for moderate damage in melee, and throws nets!
w - a +5 vorpal sling No target in view!
No target in view!
Spoiler Alert: The gnoll can hit for moderate damage in melee, and throws nets!
A gnoll comes into view. It is wielding a staff of death.
The gnoll shouts!
A gnoll comes into view. It is wielding a +0 club.
The gnoll shouts!
A gnoll comes into view. It is wielding a +0 whip.
Lua error: [string "/dgldir/rcfiles/crawl-git/Mgcat.rc"]:930: invalid capture index Lua error: [string "/dgldir/rcfiles/crawl-git/Mgcat.rc"]:938: invalid capture index You completely miss the gnoll.
You block the gnoll's attack. x2
The gnoll barely misses you.
Danger x4: gnoll x4!
You barely miss the gnoll. You hit the gnoll.
The gnoll hits you with a staff of death.
The gnoll hits you with a +0 club.
You take 4 damage, and have 51/55 hp.
You slash the gnoll!
The gnoll is almost dead.
You hit the gnoll but do no damage. You block the gnoll's attack.
The gnoll hits you with a +0 club.
The gnoll hits you with a staff of death!
The gnoll barely misses you.
You take 10 damage, and have 41/55 hp.
Danger x4: gnoll x4!
You are too injured to fight recklessly!
You are too injured to fight recklessly!
You are too injured to fight recklessly!
You hit the gnoll but do no damage. You hit the gnoll.
You completely miss the gnoll. You block the gnoll's attack.
The gnoll hits you with a +0 club!
You take 9 damage, and have 32/55 hp.
Danger x4: gnoll x4!
You closely miss the gnoll. You barely miss the gnoll.
You hit the gnoll but do no damage. You block the gnoll's attack.
The gnoll barely misses you. The gnoll hits you with a +0 club.
The gnoll barely misses you. The gnoll hits you with a +0 whip!
The gnoll hits you with a +0 club. x2
* * * LOW HITPOINT WARNING * * *
You take 19 damage, and have 13/55 hp.
MASSIVE DAMAGE!!
Danger x5: gnoll x4, gnoll shaman (wandering)!
You barely miss the gnoll. You closely miss the gnoll. x2
The gnoll shaman shouts!
You hit the gnoll.
The gnoll shaman calls upon its god to speed up the gnoll.
The gnoll seems to speed up.
The gnoll hits you with a staff of death.
* * * LOW HITPOINT WARNING * * *
The gnoll hits you with a +0 club.
* * * LOW HITPOINT WARNING * * *
The gnoll hits you with a +0 whip.
* * * LOW HITPOINT WARNING * * *
The gnoll hits you with a +0 club.
* * * LOW HITPOINT WARNING * * *
You take 9 damage, and have 4/55 hp.
Danger x5: gnoll x3, gnoll (fast), gnoll shaman!
You slash the gnoll!
You kill the gnoll!
You hit the gnoll. x2
You kill the gnoll!
You slash the gnoll! The gnoll hits you with a +0 club.
* * * LOW HITPOINT WARNING * * *
You block the gnoll's attack.
The gnoll shaman invokes the aid of its god against you.
You are outlined in light.
You block the gnoll's attack. x2
The gnoll hits you with a +0 club!
You die...

......###......##.#...
..g...........#.#......
............. #.#...#..
#......g... #.#...###
#......... #.....###
#.......######.....#..
#..................#.#
..#...g)..........<..#..
......g@................
......)###..............
....... #..........#...
............#...........
............#....#######
............#...........
............#...........
........ #........... .
#...........


You could see a gnoll shaman and 3 gnolls.

Vanquished Creatures
  An iguana (D:4)
  5 adders
  5 gnolls
  An ufetubus (D:4)
  A worm (D:2)
  A dart slug (D:1)
  3 orcs (D:3)
  8 ball pythons
  3 endoplasms
  4 giant cockroaches
  3 goblins
  2 hobgoblins
  4 jackals (D:2)
  A quokka (D:2)
  4 bats
  3 frilled lizards
  3 kobolds
  3 rats
55 creatures vanquished.

Vanquished Creatures (others)
  2 demonic plants (D:3)
2 creatures vanquished.

Grand Total: 57 creatures vanquished

Notes
Turn   | Place    | Note
-------+----------+-------------------------------------------
     0 | D:1      | Mgcat the Ogre Fighter began the quest for the Orb.
     0 | D:1      | Reached XP level 1. HP: 24/24 MP: 1/1
   181 | D:1      | Reached XP level 2. HP: 32/32 MP: 2/2
  1062 | D:2      | Reached XP level 3. HP: 40/40 MP: 3/3
  1292 | D:2      | Reached skill level 3 in Dodging
  1816 | D:3      | Reached skill level 3 in Axes
  1982 | D:3      | Reached XP level 4. HP: 30/49 MP: 4/4
  2278 | D:3      | Found a faded altar of an unknown god.
  3164 | D:3      | Reached XP level 5. HP: 47/55 MP: 5/5
  3609 | D:4      | HP: 13/55 [gnoll/+0 club (5)]
  3610 | D:4      | HP: 4/55 [gnoll/+0 club (3)]
  3611 | D:4      | Mangled by a gnoll

Illustrated notes

Levels and vault maps discovered:
D:1:      dpeg_arrival_pits, layout_loops_cross
D:2:      layout_basic, minmay_tromino_mix6
D:3:      layout_loops_ring, dreamdust_ecumenical_altar_sealed_demon
D:4:      layout_basic, dk_yredelemnul_ordeal

Skill      XL: |  1  2  3 |
---------------+----------+-----
Dodging        | 3 |  3.3
Axes           | 3 |  3.7
Fighting       | |  4.9
Shields        | |  3.7

Action                   |  1- 3 |  4- 6 || total
-------------------------+-------+-------++-------
Melee: War axe           |    92 |    76 ||   168
 Fire: Sling             |       |     4 ||     4
Armor: Robe              |    29 |    24 ||    53
Dodge: Dodged            |    39 |    66 ||   105
Block: Kite shield       |    35 |    58 ||    93

Table legend: (Time is in decaauts)
 A = Elapsed time spent in this place.
 B = Non-inter-level travel time spent in this place.
 C = Inter-level travel time spent in this place.
 D = Time resting spent in this place.
 E = Time spent auto-exploring this place.
 F = Levels seen in this place.
 G = Mean time per level.
                   A        B        C        D        E       F      G
               +--------+--------+--------+--------+--------+-----+--------+
         Total |   3694 |   3560 |    134 |    723 |   2352 |   4 |  923.5 |
       Dungeon |   3694 |   3560 |    134 |    723 |   2352 |   4 |  923.5 |
               +--------+--------+--------+--------+--------+-----+--------+

Top non-repeatable levels by time:
     D:3: 1239 daAuts
     D:2: 1110 daAuts
     D:4: 678 daAuts
     D:1: 666 daAuts

Table legend:
 A = Kills in this place as a percentage of kills in entire the game.
 B = Kills by you in this place as a percentage of kills by you in the entire game.
 C = Kills by friends in this place as a percentage of kills by friends in the entire game.
 D = Other kills in this place as a percentage of other kills in the entire game.
 E = Experience gained in this place as a percentage of experience gained in the entire game.
 F = Experience gained in this place divided by the number of levels of this place that you have seen.
                   A       B       C       D       E      F
               +-------+-------+-------+-------+-------+----------------------
         Total | 100.0 | 100.0 |   N/A |   N/A | 100.0 |  63.2
       Dungeon | 100.0 | 100.0 |   N/A |   N/A | 100.0 |  63.2
               +-------+-------+-------+-------+-------+----------------------
